 Dungeon Crawl Stone Soup version 0.25.1-8-g42b30a86e7 (webtiles) character file.

Game seed: 11097916970932564822

4895 Abzac the Severer (level 10, 0/83 HPs)
             Began as a Hill Orc Fighter on Dec 21, 2020.
             Was a Believer of Makhleb.
             Slain by a red ugly thing (22 damage)
             ... on level 9 of the Dungeon.
             The game lasted 00:15:39 (8144 turns).

Abzac the Severer (Hill Orc Fighter)                Turns: 8144, Time: 00:15:40

Health: 0/83       AC:  9    Str: 23    XL:     10   Next: 51%
Magic:  14/14      EV:  9    Int:  8    God:    Makhleb [**....]
Gold:   451        SH: 10    Dex: 10    Spells: 9/9 levels left

rFire    . . .     SeeInvis .   a - +0 war axe
rCold    . . .     Gourm    .   c - +0 kite shield
rNeg     . . .     Faith    .   r - +0 steam dragon scales
rPois    .         Spirit   .   (no helmet)
rElec    .         Reflect  .   (no cloak)
rCorr    .         Harm     .   t - +2 pair of gloves
MR       .....                  (no boots)
Stlth    +.........             (no amulet)
HPRegen  0.23/turn              (no ring)
MPRegen  0.14/turn              (no ring)

@: no status effects
A: no striking features
a: Minor Destruction, Renounce Religion


You were on level 9 of the Dungeon.
You worshipped Makhleb.
Makhleb was pleased with you.
You were not hungry.

You visited 2 branches of the dungeon, and saw 10 of its levels.

You collected 451 gold pieces.

Inventory:

Hand Weapons
 a - a +0 war axe (weapon)
 j - a +0 mace of protection
 p - a +0 morningstar
 v - a +2 falchion of holy wrath
Armour
 b - a +0 scale mail
 c - a +0 kite shield (worn)
 o - a +0 ring mail
 r - +0 steam dragon scales (worn)
 t - a +2 pair of gloves (worn)
 y - the cursed +0 leather armour of Dishonesty {rC++ rN+}
   (You found it on level 6 of the Dungeon)

   It greatly protects you from cold.
   It protects you from negative energy.
   It has a curse placed upon it.
 A - a +0 cloak
Jewellery
 B - a +4 ring of protection {unknown}
 D - a cursed -4 ring of protection {unknown}
 I - an uncursed ring of ice {unknown}
Scrolls
 e - 2 scrolls of teleportation {unknown}
 g - a scroll of blinking
 h - a scroll of fog {unknown}
 l - a scroll of magic mapping {unknown}
 u - a scroll of brand weapon {unknown}
 w - a scroll of noise {unknown}
 C - a scroll of enchant armour {unknown}
 E - a scroll of identify
 G - a scroll of vulnerability {unknown}
 J - a scroll of remove curse
 K - a scroll of holy word {unknown}
Potions
 d - a potion of might
 i - 2 potions of curing
 k - 2 potions of haste
 m - 3 potions of brilliance
 n - a potion of ambrosia {unknown}
 q - 2 potions of flight {unknown}
 s - a potion of invisibility {unknown}
 x - 2 potions of stabbing {unknown}
 z - 2 potions of berserk rage {unknown}
 H - a potion of degeneration {unknown}
Comestibles
 f - 11 rations
 F - 8 chunks of flesh


   Skills:
 + Level 6.2 Fighting
 - Level 16.0 Axes
 - Level 4.3 Armour
 + Level 5.6 Shields
 + Level 5.4 Invocations


You had 9 spell levels left.
You didn't know any spells.
Your spell library contained the following spells:

 Spells                   Type           Power        Failure   Level  Hunger
 Foxfire                  Conj/Fire      #...         82%         1    ##.....
 Conjure Flame            Conj/Fire      #.......     99%         3    ####...
 Inner Flame              Hex/Fire       #.......     99%         3    ####...
 Cause Fear               Hex            #.........   100%        4    #####..
 Sticky Flame             Conj/Fire      #.......     100%        4    #####..
 Fireball                 Conj/Fire      #.........   100%        5    ######.
 Silence                  Hex/Air        #.........   100%        5    ######.
 Yara's Violent Unravell  Hex/Tmut       #.........   100%        5    ######.
 Discord                  Hex            #.........   100%        8    #######


Dungeon Overview and Level Annotations

Branches:
Dungeon (9/15)             Temple (1/1) D:6
   Lair: D:8-11         Orc: D:9-12

Altars:
Ashenzari
Cheibriados
Dithmenos
Elyvilon
Fedhas
Gozag
Hepliaklqana
Kikubaaqudgha
Makhleb
Nemelex Xobeh
Okawaru
Qazlal
Sif Muna
Trog
Uskayaw
Vehumet
Wu Jian
Xom
Yredelemnul
Zin
The Shining One


Message History

The red ugly thing barely misses you.
A crimson imp comes into view.
You slash the red ugly thing!
The red ugly thing is moderately wounded.
The red ugly thing tail-slaps you.
You are engulfed in flames!!
You closely miss the red ugly thing.
The red ugly thing is moderately wounded.
The red ugly thing tail-slaps you but does no damage.
You barely miss the red ugly thing.
The red ugly thing is moderately wounded.
You slash the red ugly thing!
The red ugly thing is heavily wounded.
The red ugly thing tail-slaps you.
You are engulfed in flames!
The crimson imp puffs mist at you.
You closely miss the red ugly thing.
The red ugly thing is heavily wounded.
The red ugly thing tail-slaps you!
* * * LOW HITPOINT WARNING * * *
You are engulfed in flames!!
You die...

#.. ##
#.# .
#..
#.#.#
#
.#...#
'5#[#
#u..#
#@#.#
#
#(..#
#
#.###
#
#(..#
#
#.#.#
#(†.#
#.#÷#
#...#
#.#.#


You could see a red ugly thing and a crimson imp.

Vanquished Creatures
  A two-headed ogre (D:9)
  Joseph (D:7)
  A centaur skeleton (D:9)
  Maggie (D:6)
  A hippogriff (D:8)
  Eustachio (D:5)
  5 orc warriors
  An ice beast (D:8)
  2 black bears
  A necrophage (D:8)
  2 sky beasts (D:7)
  An ogre (D:7)
  2 centaurs
  2 big kobolds
  4 bullfrogs
  A scorpion (D:6)
  3 wights (D:6)
  4 howler monkeys
  3 crimson imps
  A quasit (D:6)
  4 bullfrog skeletons
  Crazy Yiuf (D:7)
  4 hounds
  A jelly (D:9)
  2 orc wizards
  Natasha (twice) (D:3 D:2)
  Terence (D:2)
  6 worker ants
  An iguana (D:9)
  2 hound skeletons (D:6)
  A howler monkey zombie (D:7)
  3 gnolls
  11 adders
  A river rat (D:5)
  3 shadow imps
  2 adder zombies
  4 worms
  8 leopard geckos
  20 orcs
  7 giant cockroaches
  6 goblins
  3 hobgoblins
  14 jackals
  31 kobolds
  A quokka (D:6)
  7 bats
  4 frilled lizards
  2 quokka zombies
  10 rats
  A plant (D:5)
201 creatures vanquished.

Vanquished Creatures (others)
  A plant (D:5)
1 creature vanquished.

Grand Total: 202 creatures vanquished

Notes
Turn   | Place    | Note
-------+----------+-------------------------------------------
     0 | D:1      | Abzac the Hill Orc Fighter began the quest for the Orb.
     0 | D:1      | Reached XP level 1. HP: 19/19 MP: 1/1
    85 | D:1      | Reached skill level 3 in Axes
   181 | D:1      | Reached XP level 2. HP: 22/26 MP: 2/2
   277 | D:1      | Reached skill level 4 in Axes
   508 | D:2      | Noticed Terence
   519 | D:2      | Killed Terence
   519 | D:2      | Reached skill level 5 in Axes
   519 | D:2      | Reached XP level 3. HP: 28/31 MP: 3/3
   591 | D:2      | Reached XP level 4. HP: 39/39 MP: 4/4
   927 | D:2      | Reached skill level 6 in Axes
  1553 | D:3      | Reached XP level 5. HP: 41/45 MP: 5/5
  1733 | D:3      | Noticed Natasha
  1739 | D:3      | Killed Natasha
  1739 | D:3      | Reached skill level 7 in Axes
  2253 | D:2      | Reached skill level 8 in Axes
  2253 | D:2      | Reached XP level 6. HP: 22/51 MP: 6/6
  2451 | D:3      | Noticed Natasha
  2508 | D:2      | Killed Natasha
  3038 | D:4      | Found an ancient bone altar of Kikubaaqudgha.
  3126 | D:4      | Reached skill level 9 in Axes
  3556 | D:4      | Reached XP level 7. HP: 56/57 MP: 7/7
  3567 | D:5      | Entered Level 5 of the Dungeon
  3581 | D:5      | Found a radiant altar of Vehumet.
  3633 | D:5      | Noticed Eustachio
  3659 | D:5      | Killed Eustachio
  3659 | D:5      | Reached skill level 10 in Axes
  3830 | D:5      | Found a sparkling altar of Nemelex Xobeh.
  4024 | D:5      | Reached skill level 11 in Axes
  4594 | D:6      | Found a staircase to the Ecumenical Temple.
  4609 | Temple   | Entered the Ecumenical Temple
  4652 | Temple   | Became a worshipper of Makhleb the Destroyer
  4694 | D:6      | Noticed Maggie
  4711 | D:6      | Killed Maggie
  4711 | D:6      | Reached skill level 12 in Axes
  4711 | D:6      | Reached XP level 8. HP: 19/64 MP: 8/8
  5008 | D:6      | Got a faintly glowing leather armour
  5144 | D:6      | Reached skill level 13 in Axes
  5681 | D:7      | Reached skill level 14 in Axes
  5681 | D:7      | Reached XP level 9. HP: 42/70 MP: 9/9
  5819 | D:7      | Found a hazy altar of Hepliaklqana.
  5865 | D:7      | Reached * piety under Makhleb
  6039 | D:7      | Reached skill level 15 in Axes
  6379 | D:7      | Identified the cursed +0 leather armour of Dishonesty {rC++
                  | rN+} (You found it on level 6 of the Dungeon)
  6482 | D:7      | Found a snail-covered altar of Cheibriados.
  6584 | D:7      | Noticed Joseph
  6601 | D:7      | Killed Joseph
  6601 | D:7      | Reached skill level 16 in Axes
  6821 | D:7      | Found a runed translucent door.
  6822 | D:7      | Noticed Crazy Yiuf
  6851 | D:7      | Found a basalt altar of Yredelemnul.
  6888 | D:7      | Killed Crazy Yiuf
  6888 | D:7      | Reached skill level 1 in Invocations
  6979 | D:8      | Reached ** piety under Makhleb
  7286 | D:8      | Found a white marble altar of Elyvilon.
  7349 | D:8      | Reached XP level 10. HP: 66/80 MP: 10/12
  7738 | D:9      | Reached skill level 5 in Fighting
  7809 | D:9      | Reached skill level 5 in Shields
  7894 | D:9      | Found an ornate altar of the Wu Jian Council.
  7898 | D:9      | Found a glowing golden altar of the Shining One.
  7960 | D:9      | Noticed a two-headed ogre
  7969 | D:9      | Killed a two-headed ogre
  7969 | D:9      | Reached skill level 5 in Invocations
  8135 | D:9      | Noticed a red ugly thing
  8144 | D:9      | Slain by a red ugly thing

Illustrated notes

Levels and vault maps discovered:
D:1:      kennysheep_arrival_forest, layout_basic
D:2:      layout_loops_cross, uniq_terence
D:3:      layout_loops_cross, uniq_natasha
D:4:      layout_cave_pools, kiku_gazebo_pond_becter, first_ration
D:5:      kennysheep_kobold_camp, layout_cave_pools,
          nemelex_xobeh_ov_fountains_minmay, lemuel_doored_altar,
          gup_sewer_entry_bubbles, uniq_eustachio
D:6:      layout_loops_cross, minmay_temple_entry_gardened_gates, uniq_maggie
D:7:      layout_loops_ring, kennysheep_mini_moat, lemuel_crystal_altar,
          marbit_many_paths, supply_closet_lemuel, st_stairs_1,
          lightli_corner_chamber, uniq_joseph, uniq_crazy_yiuf_cottage
D:8:      layout_loops_ring, elyvilon_altar_4, minmay_holes
D:9:      layout_loops_ring, nicolae_ru_great_annihilating_truth,
          grunt_temple_overflow_open, hangedman_minor_gate_pass
Temple:   minmay_temple_bridge_abc

Skill      XL: |  1  2  3  4  5  6  7  8  9 10 |
---------------+-------------------------------+-----
Axes           | 3 5 6 8 9 12 14 16 | 16.0
Invocations    | 3 5 |  5.4
Fighting       | 4 6 |  6.2
Armour         | 4 |  4.3
Shields        | 4 5 |  5.6

Action                   |  1- 3 |  4- 6 |  7- 9 | 10-12 || total
-------------------------+-------+-------+-------+-------++-------
Melee: War axe           |    73 |   227 |   379 |    73 ||   752
       Unarmed           |       |     4 |       |       ||     4
Invok: Minor Destruction |       |       |       |     2 ||     2
  Use: Scroll            |       |     3 |     4 |       ||     7
       Potion            |       |       |     1 |       ||     1
  Eat: Chunk             |       |     9 |     9 |     3 ||    21
       Ration            |       |       |     1 |       ||     1
Armor: Scale mail        |    52 |    95 |    57 |       ||   204
       Skin              |       |     2 |       |       ||     2
       Steam dragon scal |       |       |    68 |    18 ||    86
Dodge: Dodged            |    26 |    69 |    96 |    20 ||   211
Block: Kite shield       |    50 |   106 |   145 |    20 ||   321
